 Dungeon Crawl Stone Soup version 0.22.1-2-g9c5b331383 (webtiles) character file.

10637 Marnok the Blocker (level 11, -4/95 HPs)
             Began as a Minotaur Fighter on Dec 27, 2018.
             Slain by Snorg (14 damage)
             ... on level 10 of the Dungeon.
             The game lasted 00:42:39 (7507 turns).

Marnok the Blocker (Minotaur Fighter)               Turns: 7507, Time: 00:42:39

Health: -4/95      AC: 11    Str: 23    XL:     11   Next: 38%
Magic:  0/10       EV: 12    Int:  9    God:
Gold:   234        SH: 20    Dex: 16    Spells: 10/10 levels left

rFire    . . .     SeeInvis .   G - +5 dagger of Termination {pierce, Int+4}
rCold    . . .     Gourm    .   K - +1 large shield {reflect}
rNeg     . . .     Faith    .   n - +2 troll leather armour
rPois    .         Spirit   +   l - +2 hat
rElec    .         Reflect  +   d - scarf {Spirit}
rCorr    .         Harm     .   (no gloves)
MR       .....                  F - +0 pair of boots
Stlth    ++........             (no amulet)
HPRegen  0.65/turn              t - +5 ring of dexterity
MPRegen  0.12/turn              k - +1 ring of slaying

@: studying Ice Magic
A: retaliatory headbutt, horns 2
a: no special abilities


You were on level 10 of the Dungeon.
You were not hungry.

You visited 1 branch of the dungeon, and saw 11 of its levels.

You collected 642 gold pieces.
You spent 408 gold pieces at shops.

Inventory:

Hand Weapons
 b - a +3 shortbow
 e - a +1 flail of crushing
 m - a +1 shortbow of flaming
 q - a +0 war axe
 w - a +1 dagger of holy wrath
 A - a +1 spear of venom
 E - a +1 dagger of pain
 G - the +5 dagger of Termination (weapon) {pierce, Int+4}
   (You found it on level 6 of the Dungeon)

   It inflicts extra damage upon your enemies.
   It affects your intelligence (+4).
 I - a +1 dagger of holy wrath
 J - a +1 glaive of pain
Missiles
 j - 66 arrows
 y - a throwing net (quivered)
Armour
 d - a scarf of spirit shield (worn)
 l - a +2 hat (worn)
 n - a +2 troll leather armour (worn)
 D - a +1 robe of magic resistance
 F - a +0 pair of boots (worn)
 K - a +1 large shield of reflection (worn)
Jewellery
 c - an uncursed ring of protection from magic
 g - an uncursed ring of stealth
 k - a +1 ring of slaying (right hand)
 r - an uncursed ring of protection from cold
 t - a +5 ring of dexterity (left hand)
 z - a -3 ring of slaying
 H - an uncursed ring of protection from magic
Wands
 h - a wand of digging (8)
 v - a wand of random effects (18)
 x - a wand of flame (21)
 B - a wand of iceblast (10)
Scrolls
 o - 4 scrolls of magic mapping
 p - 6 scrolls of teleportation
 C - 4 scrolls of remove curse
 L - a scroll of identify
Potions
 s - a potion of curing
 u - 2 potions of lignification
Books
 M - a manual of Ice Magic
Miscellaneous
 i - a fan of gales
Comestibles
 a - 4 chunks of flesh
 f - 13 rations


   Skills:
 + Level 8.8 Fighting
 + Level 9.6 Short Blades
 + Level 2.8(4.7) Axes
 + Level 6.0(6.3) Polearms
 + Level 9.0 Armour
 + Level 4.5 Dodging
 + Level 3.1 Stealth
 + Level 12.2 Shields


You had 10 spell levels left.
You didn't know any spells.
Your spell library was empty.

Dungeon Overview and Level Annotations

Branches:
Dungeon (11/15)
 Temple: D:4-7         Lair: D:8-11         Orc: D:9-12

Altars:
Ashenzari
Cheibriados
Qazlal

Shops:
D:8 *

Annotations:
D:10 Snorg


Innate Abilities, Weirdness & Mutations

You reflexively headbutt those who attack you in melee.
You have a pair of horns on your head.


Message History

Some of the chunks of flesh in your inventory have rotted away.
You block Snorg's attack. x3
Snorg closely misses you. You furiously retaliate!
You headbutt Snorg, but do no damage. Snorg claws you!
* * * LOW HITPOINT WARNING * * *
You block Snorg's attack.
You feel better. You block Snorg's attack. Snorg closely misses you.
You block Snorg's attack.
You feel better. You block Snorg's attack. Snorg closely misses you.
Snorg claws you!!
* * * LOW HITPOINT WARNING * * *
You block Snorg's attack. Snorg closely misses you. x2
You feel better. Snorg barely misses you. You block Snorg's attack.
Snorg closely misses you.
You feel better.
You block Snorg's attack. x2; Snorg claws you!
* * * LOW HITPOINT WARNING * * *
Snorg bites you.
* * * LOW HITPOINT WARNING * * *
Snorg claws you!
You die...

.......#...)).# ##
.......#......# .#
<......#......##.#
.).....#.......#.##
...#####.....#.#..#
...# #.....#).#.#
.... #.....##.#.##
..... #.....##....#
.....# ######
##@#.# .....# #T..#
#########..#
#.........>#
#........#.#
#........#.#
#.[......#.#
#........#.#
######.....#


You could see Snorg (berserk).

Vanquished Creatures
  2 two-headed ogres
  The ghost of Freitmort the Thaumaturge, a novice DECj (D:7)
  A kobold demonologist (D:9)
  2 trolls
  A hornet (D:9)
  4 hippogriffs
  2 wyverns
  15 yaks (D:9)
  A hungry ghost (D:9)
  Edmund (D:4)
  A water moccasin (D:7)
  Duvessa (D:6)
  5 ice beasts
  2 sky beasts
  3 ogres
  2 orc warriors (D:7)
  A necrophage (D:8)
  3 phantoms
  3 centaurs (D:9)
  2 big kobolds
  9 bullfrogs
  2 scorpions
  A wyvern skeleton (D:9)
  Dowan (D:6)
  A wight (D:9)
  5 crimson imps
  A centaur zombie (D:7)
  4 bullfrog zombies
  3 quasits
  5 hounds
  3 orc priests
  2 bullfrog skeletons
  2 centaur skeletons
  Ijyb (D:3)
  Natasha (thrice) (D:2)
  14 orc wizards
  6 iguanas
  6 worker ants
  A killer bee zombie (D:8)
  A hound zombie (D:9)
  A hound skeleton (D:9)
  A worker ant zombie (D:9)
  3 gnolls (D:4)
  6 adders
  A shadow imp (D:8)
  A worm (D:3)
  2 dart slugs
  3 leopard geckos
  26 orcs
  A ball python (D:2)
  8 bats
  5 giant cockroaches
  5 goblins
  6 hobgoblins
  7 jackals
  16 kobolds
  5 quokkas
  5 frilled lizards
  A jackal skeleton (D:4)
  A leopard gecko skeleton (D:4)
  A quokka skeleton (D:9)
  2 quokka zombies
  2 rats
  A fungus (D:3)
234 creatures vanquished.

Vanquished Creatures (others)
  2 centaurs (D:9)
  A fungus (D:3)
3 creatures vanquished.

Grand Total: 237 creatures vanquished

Notes
Turn   | Place    | Note
-------+----------+-------------------------------------------
     0 | D:1      | Marnok the Minotaur Fighter began the quest for the Orb.
     0 | D:1      | Reached XP level 1. HP: 19/19 MP: 0/0
   180 | D:1      | Reached XP level 2. HP: 27/27 MP: 1/1
   225 | D:2      | Noticed Natasha
   235 | D:2      | Killed Natasha
   235 | D:2      | Reached skill level 4 in Shields
   235 | D:2      | Reached XP level 3. HP: 18/33 MP: 2/2
   992 | D:2      | Reached skill level 1 in Short Blades
  1227 | D:3      | Reached XP level 4. HP: 41/41 MP: 3/3
  1427 | D:3      | Noticed Ijyb
  1454 | D:3      | Killed Ijyb
  1537 | D:3      | Reached XP level 5. HP: 27/47 MP: 4/4
  1693 | D:3      | Found a shattered altar of Ashenzari.
  1838 | D:2      | Noticed Natasha
  1850 | D:2      | Killed Natasha
  1936 | D:2      | Reached skill level 5 in Shields
  2055 | D:2      | Found a stormy altar of Qazlal.
  2208 | D:2      | Noticed Natasha
  2216 | D:2      | Killed Natasha
  2317 | D:4      | Noticed an ogre
  2334 | D:4      | Killed an ogre
  2334 | D:4      | Reached XP level 6. HP: 53/53 MP: 5/5
  2390 | D:5      | Entered Level 5 of the Dungeon
  2393 | D:4      | Noticed Edmund
  2416 | D:4      | Killed Edmund
  2416 | D:4      | Reached skill level 5 in Armour
  2522 | D:4      | Reached skill level 5 in Short Blades
  2629 | D:4      | Reached XP level 7. HP: 56/60 MP: 6/6
  2697 | D:4      | Reached skill level 5 in Fighting
  3163 | D:4      | Reached skill level 6 in Shields
  3343 | D:6      | Reached skill level 1 in Polearms
  3389 | D:6      | Reached XP level 8. HP: 45/69 MP: 7/7
  3524 | D:6      | Noticed Duvessa
  3524 | D:6      | Noticed Dowan
  3532 | D:6      | Killed Dowan
  3532 | D:6      | Reached skill level 7 in Shields
  3542 | D:6      | Killed Duvessa
  3598 | D:7      | Noticed a hippogriff
  3600 | D:7      | Noticed a hippogriff
  3604 | D:7      | Killed a hippogriff
  3604 | D:7      | Reached skill level 1 in Dodging
  3604 | D:7      | Reached skill level 1 in Stealth
  3612 | D:7      | Killed a hippogriff
  3932 | D:6      | Got an encrusted dagger
  3934 | D:6      | Identified the +5 dagger of Termination {pierce, Int+4}
                  | (You found it on level 6 of the Dungeon)
  4216 | D:6      | Reached skill level 5 in Polearms
  4216 | D:6      | Reached skill level 8 in Shields
  4216 | D:6      | Reached XP level 9. HP: 78/78 MP: 8/8
  5020 | D:7      | Reached skill level 9 in Shields
  5230 | D:7      | Found a runed door.
  5233 | D:7      | Noticed Freitmort's ghost (novice DECj)
  5250 | D:7      | Killed Freitmort's ghost
  5403 | D:8      | Noticed a troll
  5413 | D:8      | Killed a troll
  5503 | D:8      | Noticed a two-headed ogre
  5623 | D:8      | Reached XP level 10. HP: 80/86 MP: 7/9
  5690 | D:8      | Found a snail-covered altar of Cheibriados.
  5942 | D:9      | Reached skill level 10 in Shields
  6114 | D:10     | Entered Level 10 of the Dungeon
  6566 | D:9      | Reached skill level 11 in Shields
  6828 | D:8      | Killed a two-headed ogre
  6865 | D:8      | Found Kaheoll's Assorted Antiques.
  6920 | D:8      | Bought a scroll of enchant armour for 180 gold pieces
  6920 | D:8      | Bought a scroll of identify for 48 gold pieces
  6920 | D:8      | Bought a scroll of enchant armour for 180 gold pieces
  7089 | D:9      | Reached XP level 11. HP: 95/95 MP: 10/10
  7189 | D:9      | Noticed a sun demon
  7328 | D:9      | Reached skill level 12 in Shields
  7404 | D:10     | Noticed a two-headed ogre
  7419 | D:10     | Killed a two-headed ogre
  7474 | D:10     | Noticed Snorg
  7507 | D:10     | Slain by Snorg

Skill      XL: |  1  2  3  4  5  6  7  8  9 10 11 |
---------------+----------------------------------+-----
Fighting       | 4 5 6 7 8 |  8.8
Armour         | 4 5 6 8 9 |  9.0
Shields        | 4 5 6 8 9 11 12 | 12.2
Short Blades   | 1 2 4 5 6 7 9 |  9.6
Polearms       | 1 5 6 |  6.0
Dodging        | 1 3 4 |  4.5
Stealth        | 1 2 3 |  3.1
Axes           | |  2.8

Action                   |  1- 3 |  4- 6 |  7- 9 | 10-12 || total
-------------------------+-------+-------+-------+-------++-------
Melee: Dagger            |    95 |   218 |   231 |   353 ||   897
       War axe           |     9 |       |       |       ||     9
       Headbutt          |    14 |    41 |    88 |   108 ||   251
       Spear             |       |       |   113 |       ||   113
  Use: Scroll            |       |     6 |     7 |     6 ||    19
       Potion            |       |     2 |     5 |     4 ||    11
 Stab: Sleeping          |       |       |       |     5 ||     5
  Eat: Chunk             |     1 |     5 |     5 |     5 ||    16
       Ration            |       |       |     2 |       ||     2
Armor: Plate armour      |    61 |    94 |   161 |       ||   316
       Scale mail        |     3 |       |       |       ||     3
       Troll leather arm |       |       |       |    39 ||    39
Dodge: Dodged            |    16 |    24 |    46 |    73 ||   159
Block: Shield            |    54 |    84 |   157 |    45 ||   340
       Large shield      |       |       |       |   185 ||   185
       Reflection        |       |       |       |     6 ||     6
